 Dungeon Crawl Stone Soup version 0.29.1 (webtiles) character file.

Game seed: 1471671177855815257

147 Icepheonix32 the Trooper (level 5, -2/48 HPs)
             Began as a Minotaur Fighter on Sept 14, 2022.
             Slain by a gnoll bouda
             ... wielding a +0 club
              (7 damage)
             ... on level 4 of the Dungeon.
             The game lasted 00:03:40 (3225 turns).

Icepheonix32 the Trooper (Minotaur Fighter)         Turns: 3225, Time: 00:03:40

Health: -2/48      AC:  7    Str: 23    XL:     5   Next: 8%
Magic:  4/4        EV:  9    Int:  5    God:
Gold:   203        SH:  4    Dex:  9    Spells: 4/4 levels left

rFire   . . .      SeeInvis .   j - +2 long sword (vorpal)
rCold   . . .      Faith    .   c - +0 buckler
rNeg    . . .      Spirit   .   b - +0 scale mail
rPois   .          Reflect  .   (helmet restricted)
rElec   .          Harm     .   (no cloak)
rCorr   .          Rampage  .   (no gloves)
Will    .....                   (no boots)
Stlth   ..........              (no amulet)
HPRegen 0.16/turn               (no ring)
MPRegen 0.09/turn               (no ring)

@: weakened
A: horns 2, retaliatory headbutt
a: no special abilities


You were on level 4 of the Dungeon.
You visited 1 branch of the dungeon, and saw 4 of its levels.

You collected 203 gold pieces.

Inventory:

Hand Weapons
 a - a +0 war axe
 j - a +2 vorpal long sword (weapon)
Armour
 b - a +0 scale mail (worn)
 c - a +0 buckler (worn)
 k - a +0 chain mail
Scrolls
 h - a scroll of noise {unknown}
 l - 3 scrolls of teleportation {unknown}
 m - 2 scrolls of vulnerability {unknown}
 n - a scroll of blinking {unknown}
 o - a scroll of identify {unknown}
 q - 2 scrolls of immolation {unknown}
 t - a scroll of amnesia {unknown}
 u - a scroll of fear {unknown}
 v - a scroll of poison {unknown}
 w - a scroll of torment {unknown}
 x - a scroll of enchant armour {unknown}
Potions
 f - a potion of lignification {unknown}
 g - a potion of cancellation
 i - a potion of magic {unknown}
 p - 3 potions of heal wounds {unknown}
 r - a potion of brilliance {unknown}
 s - a potion of degeneration {unknown}


   Skills:
 * Level 5.1 Fighting
 + Level 0.9 Long Blades
 - Level 3.3 Axes
 + Level 4.5 Armour
 + Level 0.8 Dodging
 + Level 0.3 Stealth
 + Level 4.1 Shields


You had 4 spell levels left.
You didn't know any spells.
Your spell library was empty.

Dungeon Overview and Level Annotations

Branches:
Dungeon (4/15)
 Temple: D:4-7

Altars:
Ru
Trog

Annotations:
D:2 1 runed translucent door, Crazy Yiuf


Innate Abilities, Weirdness & Mutations

You have a pair of horns on your head.
You reflexively headbutt those who attack you in melee.


Message History

The gnoll bouda gazes fiercely through you!
You feel as though you will be weak longer.
The gnoll bouda closely misses you.
You barely miss the gnoll bouda.
The gnoll bouda is moderately wounded.
The quokka bites you but does no damage.
The gnoll hits you from afar with a +0 spear.
* * * LOW HITPOINT WARNING * * *
You block the gnoll bouda's attack.
The quokka bites you but does no damage.
You closely miss the gnoll bouda. Your headbutt misses the gnoll bouda.
The gnoll bouda is moderately wounded.
The gnoll hits you from afar with a +0 spear.
* * * LOW HITPOINT WARNING * * *
The gnoll bouda gazes fiercely through you!
You feel as though you will be weak longer.
The gnoll bouda closely misses you. The quokka bites you.
* * * LOW HITPOINT WARNING * * *
The gnoll hits you from afar with a +0 spear.
* * * LOW HITPOINT WARNING * * *
Unknown command.
A goblin comes into view. It is wielding a +0 dagger.
The goblin shouts!
You hear a shout!
A ball python comes into view.
The ball python hisses angrily.
You hit the quokka.
You kill the quokka!
The gnoll bouda hits you but does no damage.
You feel better.
The gnoll hits you from afar with a +0 spear!
* * * LOW HITPOINT WARNING * * *
It was a potion of cancellation.
Your magical effects are unravelling.
You feel magically purged.
You feel a little less mighty now.
Your attacks no longer feel as feeble.
The gnoll barely misses you. You block the hobgoblin's attack.
The gnoll bouda gazes fiercely through you!
You feel your attacks grow feeble.
The gnoll bouda hits you with a +0 club!
You die...

# #....# .. #....#
...#..<.#
.........#
.........#### .
........g#..# ...
........g.gg# #....
.......#[##g#......
.......#.##@g.#
............g......
....>...##...#....
............S.....
.!................
................ .
..........
...........


You could see a gnoll bouda, 2 gnolls, a hobgoblin, a goblin and a ball python.

Vanquished Creatures
  3 gnolls
  3 adders
  An ufetubus (D:3)
  2 worms
  4 dart slugs
  2 orcs (D:3)
  4 ball pythons
  7 bats
  8 endoplasms
  4 giant cockroaches (D:1)
  8 goblins
  4 hobgoblins
  5 quokkas
  2 frilled lizards (D:1)
  6 kobolds
  5 rats
68 creatures vanquished.

Notes
Turn   | Place    | Note
-------+----------+-------------------------------------------
     0 | D:1      | Icepheonix32 the Minotaur Fighter began the quest for the
                  | Orb.
     0 | D:1      | Reached XP level 1. HP: 19/19 MP: 0/0
   124 | D:1      | Reached skill level 4 in Fighting
   124 | D:1      | Reached XP level 2. HP: 15/27 MP: 1/1
   251 | D:1      | Found a faded altar of an unknown god.
   369 | D:1      | Reached XP level 3. HP: 3/34 MP: 2/2
  1315 | D:2      | Reached XP level 4. HP: 41/41 MP: 3/3
  1334 | D:2      | Found a bloodstained altar of Trog.
  2036 | D:2      | Found a runed translucent door.
  2037 | D:2      | Noticed Crazy Yiuf
  2684 | D:3      | Found a sacrificial altar of Ru.
  2700 | D:3      | Reached skill level 5 in Fighting
  3185 | D:3      | Found a bloodstained altar of Trog.
  3219 | D:4      | Reached XP level 5. HP: 5/48 MP: 4/4
  3225 | D:4      | Slain by a gnoll bouda

Illustrated notes

Levels and vault maps discovered:
D:1:      denvon_arrival_planthouse, layout_loops_cross,
          hellmonk_ecumenical_altar_crossroads, minmay_misc_feat_iff,
          minmay_tromino_i2
D:2:      layout_loops_ring, basic_altar, hangedman_feature_mirror,
          uniq_crazy_yiuf_cottage
D:3:      layout_basic, mainiacjoe_overflow_swirl
D:4:      layout_rooms, minmay_temple_entry_arrows

Skill      XL: |  1  2  3  4 |
---------------+-------------+-----
Fighting       | 4 5 |  5.1
Shields        | 4 |  4.1
Armour         | 4 |  4.5
Axes           | 3 |  3.3
Long Blades    | |  0.9
Dodging        | |  0.8
Stealth        | |  0.3

Action                   |  1- 3 |  4- 6 || total
-------------------------+-------+-------++-------
Melee: War axe           |    82 |     4 ||    86
       Headbutt          |     9 |    15 ||    24
       Long sword        |       |    69 ||    69
  Use: Potion            |       |     5 ||     5
Armor: Scale mail        |    43 |    33 ||    76
Dodge: Dodged            |    43 |    53 ||    96
Block: Buckler           |    26 |    25 ||    51
